 Dungeon Crawl Stone Soup version 0.18-a0-1764-gf4ddf0b (webtiles) character file.

38 Ratboiler the Scholar of Death (level 3, 24/24 HPs)
             Began as an Octopode Wanderer on Apr 13, 2016.
             Was a Follower of Kikubaaqudgha.
             Quit the game on level 2 of the Dungeon.
             The game lasted 00:02:10 (1478 turns).

Ratboiler the Scholar of Death (Octopode Wanderer)  Turns: 1478, Time: 00:02:11

Health: 24/24      AC:  1    Str: 13    XL:     3   Next: 43%
Magic:  3/3        EV: 11    Int: 13    God:    Kikubaaqudgha [*.....]
Gold:   90         SH:  0    Dex: 13    Spells: 0 memorised, 2 levels left

rFire  . . .     SeeInvis .     a - +2 mace
rCold  . . .     Gourm    +     (no shield)
rNeg   . . .     Faith    .     (helmet restricted)
rPois  .         Spirit   .     e - amulet of the gourmand
rElec  .         Dismiss  .     i - +2 ring of strength
rCorr  .         Reflect  .     (no ring)
SustAt .         Harm     .     (no ring)
MR     .....                    (no ring)
Stlth  +++.......               (no ring)
                                (no ring)
                                (no ring)
                                (no ring)

@: not resistant to hostile enchantments, fairly stealthy
A: almost no armour, amphibious, 8 rings, constrict 8, camouflage 1, gelatinous
body 1
a: Receive Corpses, Renounce Religion


You were on level 2 of the Dungeon.
You worshipped Kikubaaqudgha.
Kikubaaqudgha was aware of your devotion.
You were completely stuffed.

You visited 1 branch of the dungeon, and saw 2 of its levels.

You collected 90 gold pieces.

Inventory:

Hand Weapons
 a - a +2 mace (weapon)
 d - a +0 dagger
Jewellery
 e - an amulet of the gourmand (around mantle)
 i - a +2 ring of strength (left tentacle)
Scrolls
 b - a scroll of teleportation
 h - 2 scrolls of remove curse {unknown}
 j - 2 scrolls of identify {unknown}
 k - a scroll of blinking {unknown}
 m - 2 scrolls of enchant armour {unknown}
 q - a scroll of immolation {unknown}
Potions
 l - a potion of brilliance {unknown}
 n - a potion of mutation {unknown}
 o - a potion of heal wounds {unknown}
 p - a potion of degeneration {unknown}
Books
 c - the Disquisition on Darkness

   Spells                             Type                      Level
   a - Pain                           Necromancy                   1
   b - Vampiric Draining              Necromancy                   3
 r - Kikubaaqudgha's Incunabulum of Evil
   (Kikubaaqudgha gifted it to you on level 2 of the Dungeon)

   Spells                             Type                      Level
   a - Animate Skeleton               Necromancy                   1
   b - Corpse Rot                     Necromancy                   2
   c - Sublimation of Blood           Necromancy                   2
   d - Vampiric Draining              Necromancy                   3
   e - Control Undead                 Necromancy                   4
Comestibles
 f - a bread ration
 g - a beef jerky


   Skills:
 - Level 2.0 Fighting
 + Level 3.2 Maces & Flails
 - Level 2.6 Stealth
 - Level 4.0 Necromancy
   Level 1.2 Poison Magic


You had 2 spell levels left.
You didn't know any spells.

Dungeon Overview and Level Annotations

Branches:
Dungeon (2/15)

Altars:
Kikubaaqudgha


Innate Abilities, Weirdness & Mutations

You cannot wear most types of armour.
You are amphibious.
You can wear up to eight rings at the same time.
You can use your tentacles to constrict eight enemies at once.
Your skin changes colour to match your surroundings (Stealth).
Your rubbery body absorbs attacks (AC +1).


Message History

HP restored.
Found a club.
There is a fountain of clear blue water here.
You see here a club.
There is a large open door here.
Found a stone staircase leading down.
Found 23 arrows.
h - 2 scrolls labeled XALUATOUWEMI (gained 1)
Found a faded altar to an unknown god.
Found a stone staircase leading down.
Found a scroll labeled UWEALIAPTUN.
There is a faded altar to an unknown god here.
This altar will convert you to a god.
You cannot discern which.
Do you pray? Kikubaaqudgha accepts your prayer! Kikubaaqudgha welcomes you!
You can now receive cadavers from Kikubaaqudgha.
Kikubaaqudgha grants you a gift! r - Kikubaaqudgha's Incunabulum of Evil
Okay, then.
Unknown command.
Are you sure you want to abandon this character and quit the game? (Confirm with "yes".)

######## #....... ..#
#...?..####.# ########
#........##.####.......
#.....#................
# #@#..#.##.#.......
#..#...#.##.#.......
#......#.##.#.......
#>...........###....
######.#..#.........
#.#..#.#.##....
#.#......##....
...?##....#....
#...##..#.#....


There were no monsters in sight!

Vanquished Creatures
  A gnoll (D:2)
  A giant gecko (D:1)
  6 goblins
  3 hobgoblins (D:1)
  5 kobolds
  5 bats
  4 giant newts
  2 rats
27 creatures vanquished.

Notes
Turn   | Place    | Note
--------------------------------------------------------------
     0 | D:1      | Ratboiler the Octopode Wanderer began the quest for the Orb.
     0 | D:1      | Ratboiler set off with: a +2 mace, a scroll of teleportation, the Disquisition on Darkness, a +0 dagger, a bread ration
     0 | D:1      | Reached XP level 1. HP: 14/14 MP: 1/1
   200 | D:1      | Reached XP level 2. HP: 17/19 MP: 2/2
  1095 | D:2      | Reached XP level 3. HP: 24/24 MP: 3/3
  1471 | D:2      | Found a faded altar to an unknown god.
  1477 | D:2      | Became a worshipper of Kikubaaqudgha
  1477 | D:2      | Reached * piety under Kikubaaqudgha
  1477 | D:2      | Received a gift from Kikubaaqudgha
  1477 | D:2      | Identified Kikubaaqudgha's Incunabulum of Evil (Kikubaaqudgha gifted it to you on level 2 of the Dungeon)
  1478 | D:2      | Identified the Disquisition on Darkness
  1478 | D:2      | Quit the game

Vault maps used:
D:1:      lightli_arrival_chessboard, minmay_misc_feat_diagonals
D:2:      ecumenical_altar_1, kennysheep_generic_room_7

Skill      XL: |  1  2  3 |
---------------+----------+-----
Maces & Flails | 2 3 |  3.2
Fighting       | |  2.0
Stealth        | |  2.6
Necromancy     | |  4.0
Poison Magic   | |  1.2

Action                   || total
-------------------------++-------
Melee: Mace              ||    49
       Constrict         ||     9
       Tentacles         ||     4
 Stab: Sleeping          ||     5
  Eat: Chunk             ||    14
Armor: Skin              ||     2
Dodge: Dodged            ||    31
